[ AOE2 MATCH · #507183578 ]
UnrankedLithuanians vs Wei
Player's team · LOSS
Rival team · WIN
[ REPLAY ANALYSIS · EXTRACTED FROM THE RECORDED GAME ]
Feudal
12:10
Castle
17:40
Imperial
32:15
| APM avg | 84.7 |
| APM peak | 145 |
| eAPM avg | 56.0 |
| Villagers / military | 265 / 246 |
Focus
⚔️ 60.4% · 🌾 39.6%
Spearman ×130 · Skirmisher ×62 · Monk ×19 · Trebuchet (Packed) ×16 · Knight ×4 · Leitis ×4
Feudal
9:16
Castle
19:08
Imperial
33:42
| APM avg | 119.2 |
| APM peak | 205 |
| eAPM avg | 73.7 |
| Villagers / military | 340 / 6 |
Focus
⚔️ 67.7% · 🌾 32.3%
Unknown (1949) ×99 · Unknown (1952) ×91 · Unknown (1942) ×8 · Spearman ×3 · Unknown (1954) ×2 · Monk ×1
Match map
Initial resources + every placement click. Lines = walls · curves = elevation contours. ◆ gold · ⬟ stone · ● berries · ✦ relic · ◌ wall gap
Your base· ✓ Closed at 17:40 · 45t walls · 1 gate(s)
blytz's base· ✓ Closed at 19:08 · 39t walls · 2 gate(s)
Smoothed initial terrain · ◌ = detected wall gap · hover for details
Inputs per minute
— DS_VarVa - - blytz
Build order — DS_VarVa
First 150 of 792 actions detected
| 0:01 | Create | Villager (Male) |
| 0:01 | Create | Villager (Male) |
| 0:01 | Create | Villager (Male) |
| 0:02 | Create | Villager (Male) |
| 0:03 | Build | House |
| 0:04 | Build | House |
| 0:06 | Create | Villager (Male) |
| 0:06 | Create | Villager (Male) |
| 1:30 | Create | Villager (Male) |
| 1:31 | Create | Villager (Male) |
| 1:53 | Create | Villager (Male) |
| 2:08 | Build | Barracks |
| 2:21 | Create | Villager (Male) |
| 2:36 | Build | House |
| 2:49 | Create | Villager (Male) |
| 2:50 | Create | Villager (Male) |
| 3:17 | Create | Villager (Male) |
| 3:23 | Create | Militia |
| 3:29 | Create | Militia |
| 3:41 | Create | Villager (Male) |
| 3:41 | Create | Villager (Male) |
| 4:03 | Create | Villager (Male) |
| 4:03 | Create | Villager (Male) |
| 4:24 | Build | Lumber Camp |
| 4:27 | Create | Villager (Male) |
| 4:30 | Create | Militia |
| 4:45 | Build | House |
| 4:56 | Create | Villager (Male) |
| 5:03 | Build | House |
| 5:11 | Create | Villager (Male) |
| 5:16 | Create | Villager (Male) |
| 5:31 | Create | Villager (Male) |
| 6:02 | Create | Villager (Male) |
| 6:04 | Create | Villager (Male) |
| 6:19 | Create | Villager (Male) |
| 6:22 | Create | Villager (Male) |
| 6:23 | Create | Villager (Male) |
| 6:56 | Create | Villager (Male) |
| 7:03 | Build | Mill |
| 7:11 | Create | Villager (Male) |
| 7:15 | Build | House |
| 7:18 | Research | Loom |
| 7:18 | Research | Loom |
| 7:32 | Create | Villager (Male) |
| 7:45 | Build | House |
| 7:46 | Build | Palisade Wall |
| 8:01 | Create | Villager (Male) |
| 8:09 | Create | Villager (Male) |
| 8:09 | Create | Villager (Male) |
| 8:11 | Build | Farm |
| 8:17 | Create | Villager (Male) |
| 8:19 | Build | Farm |
| 8:28 | Build | House |
| 8:41 | Build | Farm |
| 9:18 | Build | Palisade Wall |
| 9:35 | Create | Villager (Male) |
| 9:37 | Build | Mining Camp |
| 9:48 | Build | Palisade Wall |
| 10:00 | Research | Feudal Age |
| 10:01 | Research | Feudal Age |
| 10:07 | Create | Villager (Male) |
| 10:10 | Build | Palisade Wall |
| 10:22 | Create | Villager (Male) |
| 10:39 | Create | Villager (Male) |
| 10:42 | Build | Palisade Wall |
| 10:44 | Create | Villager (Male) |
| 10:48 | Build | Palisade Wall |
| 11:17 | Create | Villager (Male) |
| 11:19 | Build | Palisade Wall |
| 11:22 | Build | Palisade Wall |
| 11:23 | Create | Villager (Male) |
| 11:59 | Build | House |
| 12:03 | Build | Palisade Gate |
| 12:10 | Age | Feudal Age |
| 12:13 | Create | Villager (Male) |
| 12:20 | Create | Villager (Male) |
| 12:23 | Build | Barracks |
| 12:26 | Build | House |
| 12:36 | Build | Stable |
| 12:40 | Build | House |
| 12:41 | Create | Villager (Male) |
| 12:43 | Create | Spearman |
| 12:49 | Build | Palisade Wall |
| 12:50 | Create | Villager (Male) |
| 13:12 | Build | Market |
| 13:17 | Build | Blacksmith |
| 13:25 | Build | Farm |
| 13:28 | Build | Farm |
| 13:54 | Create | Villager (Male) |
| 14:03 | Build | Palisade Wall |
| 14:05 | Build | Farm |
| 14:32 | Create | Villager (Male) |
| 14:49 | Build | Farm |
| 14:50 | Build | Farm |
| 15:00 | Research | Castle Age |
| 15:01 | Research | Castle Age |
| 15:22 | Build | Farm |
| 15:22 | Create | Scout Cavalry |
| 15:26 | Build | Farm |
| 15:27 | Build | Farm |
| 15:42 | Build | House |
| 15:43 | Build | House |
| 15:50 | Research | Horse Collar |
| 15:50 | Research | Horse Collar |
| 15:58 | Create | Spearman |
| 15:58 | Create | Spearman |
| 16:22 | Build | Farm |
| 16:23 | Create | Scout Cavalry |
| 16:32 | Build | Palisade Wall |
| 16:42 | Create | Scout Cavalry |
| 16:47 | Research | Double-Bit Axe |
| 17:18 | Build | Palisade Wall |
| 17:26 | Create | Villager (Male) |
| 17:40 | Age | Castle Age |
| 17:41 | Build | Town Center |
| 17:42 | Create | Knight |
| 17:43 | Create | Knight |
| 17:56 | Create | Villager (Male) |
| 18:00 | Create | Villager (Male) |
| 18:02 | Build | Monastery |
| 18:04 | Create | Villager (Male) |
| 18:04 | Create | Villager (Male) |
| 18:12 | Create | Knight |
| 18:13 | Create | Villager (Male) |
| 18:13 | Create | Villager (Male) |
| 18:44 | Create | Villager (Male) |
| 18:58 | Create | Villager (Male) |
| 19:01 | Create | Knight |
| 19:01 | Create | Villager (Male) |
| 19:02 | Create | Villager (Male) |
| 19:05 | Create | Villager (Male) |
| 19:08 | Build | Town Center |
| 19:30 | Create | Villager (Male) |
| 19:36 | Create | Monk |
| 19:49 | Create | Villager (Male) |
| 19:53 | Build | Archery Range |
| 20:04 | Create | Villager (Male) |
| 20:04 | Create | Villager (Male) |
| 20:06 | Build | Farm |
| 20:10 | Build | House |
| 20:11 | Build | Farm |
| 20:11 | Build | Farm |
| 20:11 | Build | Farm |
| 20:11 | Build | Farm |
| 20:12 | Build | Farm |
| 20:30 | Create | Monk |
| 20:44 | Create | Villager (Male) |
| 20:44 | Create | Villager (Male) |
| 20:45 | Create | Villager (Male) |
| 20:50 | Build | Palisade Wall |
Build order — blytz
First 150 of 797 actions detected
| 0:00 | Create | Villager (Male) |
| 0:01 | Create | Villager (Male) |
| 0:02 | Build | House |
| 0:03 | Build | House |
| 0:04 | Create | Villager (Male) |
| 0:11 | Create | Villager (Male) |
| 1:26 | Create | Villager (Male) |
| 1:26 | Create | Villager (Male) |
| 1:57 | Create | Villager (Male) |
| 1:58 | Create | Villager (Male) |
| 2:00 | Build | Lumber Camp |
| 2:15 | Create | Villager (Male) |
| 2:27 | Create | Villager (Male) |
| 3:01 | Create | Villager (Male) |
| 3:35 | Create | Villager (Male) |
| 3:49 | Build | House |
| 3:57 | Create | Villager (Male) |
| 4:24 | Create | Villager (Male) |
| 4:43 | Create | Villager (Male) |
| 4:46 | Build | Palisade Wall |
| 4:52 | Create | Villager (Male) |
| 5:01 | Create | Villager (Male) |
| 5:05 | Create | Villager (Male) |
| 5:05 | Create | Villager (Male) |
| 5:39 | Create | Villager (Male) |
| 5:41 | Create | Villager (Male) |
| 5:49 | Build | House |
| 5:56 | Build | Mill |
| 5:56 | Create | Villager (Male) |
| 6:29 | Research | Loom |
| 6:30 | Create | Villager (Male) |
| 6:34 | Build | Palisade Wall |
| 6:47 | Build | Palisade Wall |
| 6:50 | Create | Villager (Male) |
| 6:53 | Create | Villager (Male) |
| 6:54 | Create | Villager (Male) |
| 7:00 | Research | Feudal Age |
| 7:00 | Research | Feudal Age |
| 7:06 | Build | Lumber Camp |
| 7:06 | Create | Villager (Male) |
| 7:37 | Create | Villager (Male) |
| 7:48 | Build | Palisade Gate |
| 7:49 | Build | Palisade Wall |
| 8:00 | Create | Villager (Male) |
| 8:14 | Create | Villager (Male) |
| 8:26 | Build | Barracks |
| 8:41 | Create | Villager (Male) |
| 8:54 | Build | Palisade Wall |
| 8:56 | Create | Villager (Male) |
| 9:16 | Age | Feudal Age |
| 9:22 | Research | Double-Bit Axe |
| 9:22 | Research | Horse Collar |
| 9:22 | Research | Horse Collar |
| 9:29 | Create | Spearman |
| 9:31 | Create | Villager (Male) |
| 9:43 | Build | Farm |
| 9:44 | Create | Villager (Male) |
| 9:44 | Create | Villager (Male) |
| 9:47 | Build | House |
| 10:10 | Build | Farm |
| 10:18 | Create | Villager (Male) |
| 10:25 | Create | Villager (Male) |
| 10:33 | Build | House |
| 10:39 | Build | Farm |
| 10:43 | Build | Farm |
| 10:49 | Create | Spearman |
| 10:55 | Create | Villager (Male) |
| 11:05 | Create | Villager (Male) |
| 11:06 | Create | Villager (Male) |
| 11:10 | Build | Farm |
| 11:18 | Create | Villager (Male) |
| 11:29 | Create | Villager (Male) |
| 11:38 | Build | Farm |
| 11:39 | Build | House |
| 12:02 | Create | Villager (Male) |
| 12:04 | Build | Farm |
| 12:04 | Create | Villager (Male) |
| 12:04 | Create | Villager (Male) |
| 12:08 | Create | Villager (Male) |
| 12:10 | Build | Farm |
| 12:10 | Build | Farm |
| 12:15 | Create | Villager (Male) |
| 12:15 | Create | Villager (Male) |
| 12:17 | Build | Farm |
| 12:17 | Create | Villager (Male) |
| 12:26 | Create | Villager (Male) |
| 12:35 | Create | Villager (Male) |
| 12:37 | Build | Archery Range |
| 12:40 | Create | Villager (Male) |
| 12:55 | Create | Villager (Male) |
| 13:02 | Create | Villager (Male) |
| 13:04 | Build | Farm |
| 13:06 | Create | Villager (Male) |
| 13:09 | Build | Mining Camp |
| 13:11 | Create | Villager (Male) |
| 13:19 | Research | Wheelbarrow |
| 13:20 | Create | Villager (Male) |
| 13:25 | Build | Palisade Wall |
| 13:28 | Build | House |
| 13:30 | Create | Villager (Male) |
| 13:43 | Create | Skirmisher |
| 13:45 | Create | Villager (Male) |
| 13:49 | Create | Villager (Male) |
| 13:51 | Build | Farm |
| 13:52 | Create | Villager (Male) |
| 13:54 | Build | Palisade Wall |
| 13:56 | Build | Palisade Wall |
| 14:04 | Create | Villager (Male) |
| 14:04 | Create | Villager (Male) |
| 14:10 | Create | Archer |
| 14:13 | Create | Villager (Male) |
| 14:16 | Build | House |
| 14:28 | Create | Villager (Male) |
| 14:30 | Build | House |
| 14:34 | Create | Villager (Male) |
| 14:40 | Build | Farm |
| 14:44 | Create | Villager (Male) |
| 15:15 | Create | Villager (Male) |
| 15:19 | Build | Farm |
| 15:19 | Create | Villager (Male) |
| 15:21 | Build | Farm |
| 15:21 | Create | Villager (Male) |
| 15:22 | Create | Villager (Male) |
| 15:24 | Build | Palisade Wall |
| 15:26 | Build | Palisade Wall |
| 15:33 | Create | Villager (Male) |
| 15:36 | Create | Villager (Male) |
| 15:41 | Build | Blacksmith |
| 15:53 | Build | Farm |
| 15:54 | Create | Villager (Male) |
| 16:06 | Build | Palisade Wall |
| 16:12 | Build | Palisade Gate |
| 16:13 | Build | Palisade Wall |
| 16:25 | Create | Villager (Male) |
| 16:28 | Research | Castle Age |
| 16:30 | Create | Villager (Male) |
| 16:42 | Build | Palisade Wall |
| 16:45 | Build | Palisade Wall |
| 16:51 | Create | Villager (Male) |
| 16:59 | Research | Fletching |
| 16:59 | Research | Fletching |
| 17:09 | Create | Villager (Male) |
| 17:12 | Create | Villager (Male) |
| 17:14 | Build | Palisade Wall |
| 17:21 | Create | Villager (Male) |
| 17:22 | Create | Villager (Male) |
| 17:28 | Create | Villager (Male) |
| 17:37 | Build | Stable |
| 17:41 | Build | House |
| 17:42 | Create | Villager (Male) |
Match timeline
| 2:08 | DS_VarVa · first_building Barracks |
| 4:46 | blytz · wall_segment Palisade Wall x5 |
| 6:34 | blytz · wall_segment Palisade Wall x1 |
| 6:47 | blytz · wall_segment Palisade Wall x2 |
| 7:46 | DS_VarVa · wall_segment Palisade Wall x10 |
| 7:49 | blytz · wall_segment Palisade Wall x1 |
| 8:26 | blytz · first_building Barracks |
| 8:54 | blytz · wall_segment Palisade Wall x1 |
| 9:16 | blytz · age_up feudal |
| 9:18 | DS_VarVa · wall_segment Palisade Wall x4 |
| 9:48 | DS_VarVa · wall_segment Palisade Wall x8 |
| 10:10 | DS_VarVa · wall_segment Palisade Wall x1 |
| 10:42 | DS_VarVa · wall_segment Palisade Wall x1 |
| 10:48 | DS_VarVa · wall_segment Palisade Wall x3 |
| 11:19 | DS_VarVa · wall_segment Palisade Wall x8 |
| 11:22 | DS_VarVa · wall_segment Palisade Wall x7 |
| 12:10 | DS_VarVa · age_up feudal |
| 12:36 | DS_VarVa · first_building Stable |
| 12:37 | blytz · first_building Archery Range |
| 12:49 | DS_VarVa · wall_segment Palisade Wall x1 |
| 13:25 | blytz · wall_segment Palisade Wall x1 |
| 13:54 | blytz · wall_segment Palisade Wall x1 |
| 13:56 | blytz · wall_segment Palisade Wall x1 |
| 14:03 | DS_VarVa · wall_segment Palisade Wall x1 |
| 15:24 | blytz · wall_segment Palisade Wall x2 |
| 15:26 | blytz · wall_segment Palisade Wall x2 |
| 16:06 | blytz · wall_segment Palisade Wall x1 |
| 16:13 | blytz · wall_segment Palisade Wall x3 |
| 16:32 | DS_VarVa · wall_segment Palisade Wall x1 |
| 16:42 | blytz · wall_segment Palisade Wall x2 |
| 16:45 | blytz · wall_segment Palisade Wall x9 |
| 17:14 | blytz · wall_segment Palisade Wall x6 |
| 17:18 | DS_VarVa · wall_segment Palisade Wall x1 |
| 17:37 | blytz · first_building Stable |
| 17:40 | DS_VarVa · age_up castle |
| 18:02 | DS_VarVa · first_building Monastery |
| 18:37 | blytz · wall_segment Palisade Wall x1 |
| 19:08 | blytz · age_up castle |
| 19:17 | blytz · wall_segment Palisade Wall x1 |
| 19:53 | DS_VarVa · first_building Archery Range |
| 20:50 | DS_VarVa · wall_segment Palisade Wall x1 |
| 20:58 | blytz · wall_segment Palisade Wall x1 |
| 25:44 | DS_VarVa · wall_segment Palisade Wall x1 |
| 25:57 | blytz · first_building Monastery |
| 26:51 | DS_VarVa · first_building Siege Workshop |
| 27:49 | blytz · wall_segment Palisade Wall x1 |
| 28:16 | blytz · first_building Castle |
| 29:04 | DS_VarVa · first_market_sell 100 wood |
| 29:37 | DS_VarVa · first_building Castle |
| 30:30 | blytz · first_market_buy 500 food |
| 30:31 | blytz · first_market_sell 100 wood |
| 31:51 | DS_VarVa · first_market_buy 100 stone |
| 32:15 | DS_VarVa · age_up imperial |
| 32:31 | DS_VarVa · wall_segment Stone Wall x3 |
| 32:32 | DS_VarVa · wall_segment Stone Wall x10 |
| 32:36 | DS_VarVa · wall_segment Stone Wall x6 |
| 32:38 | DS_VarVa · wall_segment Stone Wall x1 |
| 33:42 | blytz · age_up imperial |
| 34:28 | DS_VarVa · wall_segment Stone Wall x1 |
| 34:29 | DS_VarVa · wall_segment Stone Wall x1 |
| 34:48 | blytz · first_building Siege Workshop |
| 44:32 | DS_VarVa · wall_segment Stone Wall x1 |
| 44:34 | DS_VarVa · wall_segment Stone Wall x1 |
| 44:37 | DS_VarVa · wall_segment Stone Wall x1 |
| 44:38 | DS_VarVa · wall_segment Stone Wall x1 |
| 44:45 | DS_VarVa · wall_segment Stone Wall x1 |
| 44:46 | DS_VarVa · wall_segment Stone Wall x1 |
| 44:47 | DS_VarVa · wall_segment Stone Wall x1 |
| 48:38 | blytz · wall_segment Stone Wall x10 |
| 49:17 | blytz · wall_segment Stone Wall x8 |
| 49:35 | DS_VarVa · resign |
[ AI ANALYSIS · 1 CREDIT ]
What really happened in this match?
Wolo.gg analyzes every decision: build order, eco, micro, common mistakes by bracket. Personalized analysis on WhatsApp or Discord in 30 seconds.
Civ guide
Lithuanians
Perfil
Jugador #4129359